[ AOE2 MATCH · #478877024 ]
UnrankedTeutons vs Vietnamese
[ REPLAY ANALYSIS · EXTRACTED FROM THE RECORDED GAME ]
Feudal
14:08
Castle
18:03
Imperial
52:53
| APM avg | 42.8 |
| APM peak | 76 |
| eAPM avg | 18.1 |
| Villagers / military | 158 / 159 |
Focus
⚔️ 32.9% · 🌾 67.1%
Spearman ×89 · Militia ×32 · Scorpion ×16 · Mangonel ×13 · Battering Ram ×9
Feudal
13:52
Castle
17:29
Imperial
—
| APM avg | 33.2 |
| APM peak | 103 |
| eAPM avg | 10.4 |
| Villagers / military | 75 / 42 |
Focus
⚔️ 39.2% · 🌾 60.8%
Cavalry Archer ×37 · Archer ×3 · Battering Ram ×2
Feudal
12:44
Castle
27:40
Imperial
—
| APM avg | 50.5 |
| APM peak | 133 |
| eAPM avg | 26.5 |
| Villagers / military | 106 / 30 |
Focus
⚔️ 51.0% · 🌾 49.0%
Archer ×17 · Mangonel ×10 · Scout Cavalry ×3
Feudal
14:08
Castle
45:22
Imperial
—
| APM avg | 64.0 |
| APM peak | 118 |
| eAPM avg | 20.7 |
| Villagers / military | 95 / 80 |
Focus
⚔️ 37.9% · 🌾 62.1%
Archer ×30 · Skirmisher ×22 · Spearman ×9 · Cavalry Archer ×9 · Scout Cavalry ×7 · Knight ×3
Feudal
13:28
Castle
19:09
Imperial
44:00
| APM avg | 42.6 |
| APM peak | 73 |
| eAPM avg | 27.0 |
| Villagers / military | 113 / 241 |
Focus
⚔️ 34.5% · 🌾 65.5%
Kipchak ×81 · Scout Cavalry ×78 · Steppe Lancer ×55 · Mangonel ×14 · Cavalry Archer ×8 · Trebuchet (Packed) ×5
Feudal
16:03
Castle
19:44
Imperial
42:10
| APM avg | 29.5 |
| APM peak | 55 |
| eAPM avg | 13.9 |
| Villagers / military | 121 / 166 |
Focus
⚔️ 30.5% · 🌾 69.5%
War Wagon ×145 · Fishing Ship ×15 · Iron Pagoda ×13 · Trebuchet (Packed) ×6 · Monk ×2
Feudal
14:52
Castle
19:03
Imperial
42:05
| APM avg | 24.2 |
| APM peak | 52 |
| eAPM avg | 17.4 |
| Villagers / military | 285 / 346 |
Focus
⚔️ 37.0% · 🌾 63.0%
War Wagon ×209 · Knight ×109 · Battering Ram ×13 · Trebuchet (Packed) ×9 · Monk ×6
Feudal
—
Castle
—
Imperial
—
| APM avg | 23.9 |
| APM peak | 81 |
| eAPM avg | 15.1 |
| Villagers / military | 144 / 149 |
Focus
⚔️ 43.8% · 🌾 56.2%
Ghulam ×144 · Armored Elephant ×5
Match map
Initial resources + every placement click. Lines = walls · curves = elevation contours. ◆ gold · ⬟ stone · ● berries · ✦ relic · ◌ wall gap
Your base· Open — unwalled flank
Dragonair Shiny's base· Open — 9t gap
twitch.tv/s0laf1d3's base· Open — unwalled flank
BigBanana's base· Open — unwalled flank
zFenix095z's base· Open — unwalled flank
__wArDadDy's base· Open — unwalled flank
Baratinha's base· Open — 7t gap
FutureEwe5582's base· Open — unwalled flank
Smoothed initial terrain · ◌ = detected wall gap · hover for details
Inputs per minute
— DaKrankVieh - - Dragonair Shiny
Build order — DaKrankVieh
First 150 of 464 actions detected
| 0:09 | Build | Town Center |
| 0:16 | Build | House |
| 2:22 | Create | Villager (Male) |
| 2:22 | Create | Villager (Male) |
| 2:57 | Create | Villager (Male) |
| 2:57 | Create | Villager (Male) |
| 4:07 | Create | Villager (Male) |
| 4:07 | Create | Villager (Male) |
| 4:07 | Create | Villager (Male) |
| 4:45 | Build | House |
| 5:02 | Create | Villager (Male) |
| 5:09 | Build | Lumber Camp |
| 5:42 | Create | Villager (Male) |
| 5:42 | Create | Villager (Male) |
| 6:00 | Build | House |
| 6:15 | Create | Villager (Male) |
| 6:15 | Create | Villager (Male) |
| 6:16 | Create | Villager (Male) |
| 6:21 | Create | Villager (Male) |
| 6:21 | Create | Villager (Male) |
| 7:07 | Research | Loom |
| 7:13 | Build | House |
| 7:38 | Create | Villager (Male) |
| 7:39 | Create | Villager (Male) |
| 8:36 | Create | Villager (Male) |
| 9:02 | Create | Villager (Male) |
| 9:02 | Create | Villager (Male) |
| 9:29 | Create | Villager (Male) |
| 9:50 | Create | Villager (Male) |
| 10:06 | Build | Mill |
| 10:33 | Create | Villager (Male) |
| 10:46 | Build | Mining Camp |
| 11:05 | Create | Villager (Male) |
| 11:05 | Create | Villager (Male) |
| 11:09 | Build | House |
| 11:11 | Build | House |
| 11:21 | Create | Villager (Male) |
| 11:39 | Research | Feudal Age |
| 13:32 | Create | Villager (Male) |
| 13:32 | Create | Villager (Male) |
| 14:05 | Create | Villager (Male) |
| 14:08 | Age | Feudal Age |
| 14:15 | Build | Market |
| 14:21 | Build | Blacksmith |
| 14:30 | Research | Double-Bit Axe |
| 15:00 | Create | Villager (Male) |
| 15:07 | Build | House |
| 15:17 | Research | Castle Age |
| 15:37 | Build | Barracks |
| 15:45 | Build | Palisade Wall |
| 15:46 | Build | Palisade Wall |
| 16:04 | Create | Villager (Male) |
| 16:14 | Create | Villager (Male) |
| 16:18 | Research | Gold Mining |
| 16:38 | Create | Spearman |
| 16:39 | Create | Spearman |
| 16:40 | Research | Scale Mail Armor |
| 17:05 | Create | Spearman |
| 17:43 | Create | Spearman |
| 17:56 | Create | Villager (Male) |
| 18:03 | Age | Castle Age |
| 18:14 | Build | Siege Workshop |
| 18:17 | Research | Pikeman (upgrade) |
| 18:18 | Create | Villager (Male) |
| 18:25 | Research | Bow Saw |
| 18:53 | Research | Squires |
| 19:00 | Create | Mangonel |
| 19:05 | Create | Villager (Male) |
| 19:13 | Build | Siege Workshop |
| 19:18 | Create | Spearman |
| 19:25 | Create | Villager (Male) |
| 19:55 | Create | Mangonel |
| 19:58 | Build | House |
| 20:20 | Create | Scorpion |
| 20:22 | Create | Villager (Male) |
| 20:26 | Build | House |
| 21:11 | Create | Mangonel |
| 21:12 | Create | Spearman |
| 21:12 | Create | Spearman |
| 21:22 | Create | Villager (Male) |
| 21:22 | Create | Villager (Male) |
| 21:23 | Create | Villager (Male) |
| 21:25 | Build | Farm |
| 21:26 | Build | Farm |
| 21:26 | Build | Farm |
| 21:26 | Build | Farm |
| 21:26 | Build | Farm |
| 21:39 | Create | Scorpion |
| 21:45 | Build | House |
| 21:49 | Create | Spearman |
| 21:50 | Create | Villager (Male) |
| 21:58 | Build | Farm |
| 22:49 | Create | Villager (Male) |
| 22:50 | Create | Villager (Male) |
| 22:52 | Build | Farm |
| 22:55 | Build | Farm |
| 22:56 | Create | Villager (Male) |
| 23:01 | Build | Town Center |
| 23:11 | Create | Mangonel |
| 23:13 | Create | Spearman |
| 23:14 | Create | Spearman |
| 23:18 | Build | House |
| 24:05 | Create | Spearman |
| 24:07 | Create | Villager (Male) |
| 24:08 | Create | Villager (Male) |
| 24:09 | Create | Spearman |
| 24:50 | Create | Mangonel |
| 24:51 | Create | Mangonel |
| 26:21 | Create | Mangonel |
| 26:22 | Create | Villager (Male) |
| 26:22 | Create | Villager (Male) |
| 26:22 | Create | Villager (Male) |
| 26:23 | Create | Villager (Male) |
| 26:23 | Create | Villager (Male) |
| 26:23 | Create | Villager (Male) |
| 26:23 | Create | Villager (Male) |
| 26:25 | Build | Farm |
| 26:25 | Build | Farm |
| 26:26 | Build | Farm |
| 26:26 | Build | Farm |
| 26:26 | Build | Farm |
| 26:26 | Build | Farm |
| 26:27 | Build | Farm |
| 27:03 | Create | Mangonel |
| 27:03 | Create | Mangonel |
| 27:26 | Research | Chain Mail Armor |
| 27:27 | Create | Spearman |
| 27:27 | Create | Spearman |
| 27:33 | Build | House |
| 27:33 | Build | House |
| 27:34 | Build | House |
| 27:34 | Build | House |
| 27:34 | Build | House |
| 28:36 | Create | Spearman |
| 28:37 | Create | Spearman |
| 28:37 | Create | Villager (Male) |
| 28:37 | Create | Villager (Male) |
| 28:38 | Create | Villager (Male) |
| 28:38 | Create | Villager (Male) |
| 28:49 | Build | Town Center |
| 29:06 | Create | Battering Ram |
| 29:07 | Create | Battering Ram |
| 29:11 | Build | House |
| 29:11 | Build | House |
| 29:11 | Build | House |
| 29:12 | Build | House |
| 29:15 | Build | Barracks |
| 29:16 | Build | Barracks |
| 29:28 | Create | Villager (Male) |
| 29:29 | Create | Villager (Male) |
Build order — Dragonair Shiny
First 150 of 194 actions detected
| 0:17 | Build | Town Center |
| 2:29 | Create | Villager (Male) |
| 2:29 | Create | Villager (Male) |
| 2:29 | Create | Villager (Male) |
| 2:29 | Create | Villager (Male) |
| 2:30 | Create | Villager (Male) |
| 2:32 | Build | House |
| 3:21 | Create | Villager (Male) |
| 3:21 | Create | Villager (Male) |
| 3:48 | Build | Lumber Camp |
| 3:48 | Create | Villager (Male) |
| 3:48 | Create | Villager (Male) |
| 4:08 | Create | Villager (Male) |
| 4:45 | Create | Villager (Male) |
| 4:45 | Create | Villager (Male) |
| 4:53 | Build | House |
| 4:57 | Create | Villager (Male) |
| 5:32 | Research | Loom |
| 5:33 | Create | Villager (Male) |
| 5:33 | Create | Villager (Male) |
| 5:33 | Create | Villager (Male) |
| 5:34 | Create | Villager (Male) |
| 5:53 | Build | House |
| 5:56 | Create | Villager (Male) |
| 6:25 | Create | Villager (Male) |
| 6:56 | Build | Mill |
| 7:02 | Create | Villager (Male) |
| 7:03 | Create | Villager (Male) |
| 7:03 | Create | Villager (Male) |
| 7:22 | Create | Villager (Male) |
| 7:41 | Create | Villager (Male) |
| 7:42 | Create | Villager (Male) |
| 8:37 | Build | House |
| 9:03 | Create | Villager (Male) |
| 9:16 | Create | Villager (Male) |
| 9:49 | Create | Villager (Male) |
| 10:06 | Create | Villager (Male) |
| 10:22 | Create | Villager (Male) |
| 10:40 | Create | Villager (Male) |
| 11:00 | Build | Mining Camp |
| 11:17 | Create | Villager (Male) |
| 11:20 | Research | Feudal Age |
| 12:45 | Build | House |
| 13:42 | Build | Mining Camp |
| 13:52 | Age | Feudal Age |
| 13:55 | Create | Villager (Male) |
| 13:56 | Create | Villager (Male) |
| 14:04 | Build | Market |
| 14:07 | Build | Blacksmith |
| 14:49 | Research | Castle Age |
| 14:55 | Research | Double-Bit Axe |
| 14:59 | Build | Palisade Wall |
| 15:01 | Build | Palisade Wall |
| 15:05 | Build | Palisade Wall |
| 15:18 | Build | Palisade Wall |
| 15:20 | Build | Palisade Wall |
| 15:49 | Research | Gold Mining |
| 16:08 | Build | Mill |
| 16:27 | Create | Villager (Male) |
| 16:45 | Build | Barracks |
| 17:21 | Build | House |
| 17:29 | Create | Villager (Male) |
| 17:29 | Age | Castle Age |
| 17:37 | Build | Town Center |
| 17:59 | Build | Town Center |
| 18:05 | Create | Villager (Male) |
| 18:35 | Build | Archery Range |
| 18:36 | Create | Villager (Male) |
| 19:01 | Create | Villager (Male) |
| 19:12 | Create | Villager (Male) |
| 19:20 | Create | Cavalry Archer |
| 19:20 | Create | Cavalry Archer |
| 19:21 | Create | Cavalry Archer |
| 19:21 | Create | Cavalry Archer |
| 19:23 | Create | Villager (Male) |
| 19:25 | Create | Cavalry Archer |
| 19:40 | Create | Villager (Male) |
| 19:41 | Create | Cavalry Archer |
| 20:01 | Build | Outpost |
| 20:05 | Build | House |
| 20:05 | Create | Villager (Male) |
| 20:09 | Create | Cavalry Archer |
| 20:15 | Build | Mill |
| 20:24 | Build | House |
| 20:25 | Create | Villager (Male) |
| 20:29 | Create | Archer |
| 20:34 | Create | Cavalry Archer |
| 20:40 | Create | Cavalry Archer |
| 20:44 | Build | Outpost |
| 20:54 | Create | Archer |
| 21:01 | Create | Cavalry Archer |
| 21:08 | Build | Palisade Wall |
| 21:29 | Build | Archery Range |
| 21:32 | Create | Cavalry Archer |
| 21:42 | Build | Castle |
| 21:45 | Create | Villager (Male) |
| 21:53 | Research | Fletching |
| 21:53 | Research | Fletching |
| 21:53 | Create | Villager (Male) |
| 21:54 | Create | Cavalry Archer |
| 22:00 | Create | Cavalry Archer |
| 22:01 | Create | Cavalry Archer |
| 22:04 | Create | Cavalry Archer |
| 22:24 | Build | House |
| 22:25 | Build | House |
| 22:26 | Create | Cavalry Archer |
| 22:37 | Create | Cavalry Archer |
| 22:38 | Create | Villager (Male) |
| 22:39 | Create | Villager (Male) |
| 22:48 | Build | Stable |
| 23:06 | Build | Palisade Wall |
| 23:09 | Create | Cavalry Archer |
| 23:18 | Create | Villager (Male) |
| 23:22 | Build | Farm |
| 23:24 | Build | Farm |
| 23:26 | Build | Farm |
| 23:28 | Build | Farm |
| 23:48 | Build | House |
| 23:50 | Build | Palisade Wall |
| 23:51 | Create | Villager (Male) |
| 23:54 | Build | Palisade Wall |
| 23:55 | Build | Palisade Wall |
| 23:58 | Create | Villager (Male) |
| 24:09 | Research | Bodkin Arrow |
| 24:10 | Research | Bodkin Arrow |
| 24:11 | Create | Cavalry Archer |
| 24:22 | Create | Cavalry Archer |
| 24:22 | Create | Villager (Male) |
| 24:42 | Build | Farm |
| 24:42 | Create | Cavalry Archer |
| 24:55 | Build | House |
| 24:59 | Build | Palisade Wall |
| 25:09 | Create | Villager (Male) |
| 25:12 | Create | Villager (Male) |
| 25:19 | Create | Cavalry Archer |
| 25:28 | Create | Villager (Male) |
| 25:38 | Build | House |
| 25:42 | Create | Villager (Male) |
| 25:45 | Build | University |
| 25:51 | Create | Cavalry Archer |
| 25:56 | Build | Farm |
| 25:56 | Create | Villager (Male) |
| 26:03 | Create | Cavalry Archer |
| 26:09 | Build | Farm |
| 26:10 | Build | Farm |
| 26:49 | Create | Villager (Male) |
| 27:06 | Create | Villager (Male) |
| 27:11 | Create | Villager (Male) |
| 27:20 | Research | Ballistics |
| 27:20 | Research | Ballistics |
Build order — twitch.tv/s0laf1d3
First 150 of 261 actions detected
| 0:21 | Build | Town Center |
| 1:17 | Build | House |
| 1:37 | Build | House |
| 2:10 | Build | House |
| 2:20 | Build | House |
| 2:30 | Create | Villager (Male) |
| 2:35 | Create | Villager (Male) |
| 2:35 | Create | Villager (Male) |
| 2:36 | Create | Villager (Male) |
| 2:39 | Build | House |
| 3:23 | Research | Loom |
| 3:24 | Create | Villager (Male) |
| 4:37 | Create | Villager (Male) |
| 4:38 | Create | Villager (Male) |
| 5:04 | Create | Villager (Male) |
| 5:52 | Create | Villager (Male) |
| 6:00 | Build | House |
| 6:17 | Create | Villager (Male) |
| 6:31 | Build | Palisade Gate |
| 6:34 | Build | Palisade Wall |
| 7:07 | Create | Villager (Male) |
| 7:28 | Create | Villager (Male) |
| 7:44 | Create | Villager (Male) |
| 7:46 | Build | House |
| 8:08 | Create | Villager (Male) |
| 8:38 | Build | Mill |
| 8:54 | Create | Villager (Male) |
| 9:06 | Create | Villager (Male) |
| 9:39 | Create | Villager (Male) |
| 9:44 | Build | House |
| 10:01 | Create | Villager (Male) |
| 10:27 | Research | Feudal Age |
| 10:27 | Research | Feudal Age |
| 10:37 | Build | Mule Cart |
| 11:53 | Build | Barracks |
| 12:04 | Create | Villager (Male) |
| 12:05 | Create | Villager (Male) |
| 12:44 | Age | Feudal Age |
| 12:48 | Build | Archery Range |
| 13:29 | Create | Villager (Male) |
| 13:30 | Create | Archer |
| 13:36 | Build | Archery Range |
| 13:59 | Create | Villager (Male) |
| 14:06 | Research | Double-Bit Axe |
| 14:06 | Research | Double-Bit Axe |
| 14:09 | Create | Archer |
| 14:14 | Build | House |
| 14:31 | Create | Archer |
| 14:31 | Create | Archer |
| 14:46 | Create | Villager (Male) |
| 15:05 | Create | Villager (Male) |
| 15:06 | Create | Archer |
| 15:07 | Create | Archer |
| 15:16 | Build | House |
| 15:19 | Build | House |
| 15:25 | Create | Archer |
| 15:44 | Create | Archer |
| 15:52 | Create | Villager (Male) |
| 15:54 | Build | House |
| 16:08 | Create | Archer |
| 16:08 | Create | Archer |
| 16:10 | Create | Villager (Male) |
| 16:25 | Create | Villager (Male) |
| 16:37 | Create | Villager (Male) |
| 17:02 | Create | Archer |
| 17:05 | Create | Archer |
| 17:06 | Create | Villager (Male) |
| 17:40 | Build | House |
| 17:48 | Create | Archer |
| 18:16 | Create | Villager (Male) |
| 18:18 | Build | House |
| 18:37 | Create | Villager (Male) |
| 18:38 | Create | Archer |
| 19:00 | Create | Archer |
| 19:00 | Create | Villager (Male) |
| 19:05 | Build | Blacksmith |
| 19:22 | Build | Stable |
| 19:30 | Build | Mule Cart |
| 19:39 | Create | Villager (Male) |
| 20:00 | Build | House |
| 20:14 | Create | Scout Cavalry |
| 20:15 | Create | Scout Cavalry |
| 20:17 | Create | Villager (Male) |
| 20:24 | Create | Archer |
| 20:25 | Create | Archer |
| 20:35 | Research | Fletching |
| 20:35 | Research | Fletching |
| 21:28 | Build | Mule Cart |
| 22:21 | Build | Town Center |
| 22:53 | Build | Town Center |
| 23:37 | Create | Villager (Male) |
| 23:39 | Build | Market |
| 23:49 | Create | Scout Cavalry |
| 24:08 | Create | Villager (Male) |
| 24:20 | Build | Mule Cart |
| 24:22 | Create | Villager (Male) |
| 25:00 | Research | Castle Age |
| 25:00 | Research | Castle Age |
| 26:32 | Build | Mill |
| 27:40 | Age | Castle Age |
| 27:45 | Create | Villager (Male) |
| 27:46 | Create | Villager (Male) |
| 27:59 | Research | Horse Collar |
| 27:59 | Research | Horse Collar |
| 28:00 | Research | Bow Saw |
| 28:02 | Create | Villager (Male) |
| 28:08 | Build | Town Center |
| 28:12 | Build | Monastery |
| 28:13 | Create | Villager (Male) |
| 28:21 | Create | Villager (Male) |
| 28:25 | Research | Wheelbarrow |
| 28:26 | Research | Wheelbarrow |
| 28:33 | Build | Town Center |
| 29:04 | Build | Monastery |
| 29:15 | Create | Villager (Male) |
| 29:19 | Research | Gold Mining |
| 29:29 | Create | Villager (Male) |
| 29:51 | Create | Villager (Male) |
| 29:57 | Build | Siege Workshop |
| 29:58 | Create | Villager (Male) |
| 30:04 | Create | Villager (Male) |
| 30:09 | Create | Villager (Male) |
| 30:15 | Create | Villager (Male) |
| 30:36 | Create | Villager (Male) |
| 30:43 | Create | Mangonel |
| 30:45 | Create | Villager (Male) |
| 30:48 | Build | Siege Workshop |
| 30:49 | Create | Villager (Male) |
| 30:58 | Create | Villager (Male) |
| 30:59 | Create | Villager (Male) |
| 31:14 | Create | Villager (Male) |
| 31:17 | Create | Villager (Male) |
| 31:19 | Create | Mangonel |
| 31:36 | Build | House |
| 31:36 | Build | House |
| 31:37 | Build | House |
| 31:37 | Create | Villager (Male) |
| 31:44 | Create | Villager (Male) |
| 31:47 | Create | Villager (Male) |
| 31:48 | Build | Monastery |
| 32:05 | Create | Mangonel |
| 32:05 | Create | Villager (Male) |
| 32:14 | Create | Villager (Male) |
| 32:19 | Create | Villager (Male) |
| 32:22 | Create | Villager (Male) |
| 32:34 | Create | Mangonel |
| 32:37 | Create | Villager (Male) |
| 32:54 | Create | Villager (Male) |
| 32:58 | Create | Mangonel |
| 32:59 | Create | Villager (Male) |
Build order — BigBanana
First 150 of 285 actions detected
| 0:31 | Build | Town Center |
| 1:53 | Build | Palisade Wall |
| 2:47 | Create | Villager (Male) |
| 2:48 | Create | Villager (Male) |
| 2:48 | Create | Villager (Male) |
| 2:48 | Create | Villager (Male) |
| 3:52 | Create | Villager (Male) |
| 3:52 | Create | Villager (Male) |
| 3:59 | Research | Loom |
| 4:14 | Create | Villager (Male) |
| 4:15 | Create | Villager (Male) |
| 4:20 | Create | Villager (Male) |
| 4:20 | Create | Villager (Male) |
| 4:20 | Create | Villager (Male) |
| 4:50 | Build | Palisade Wall |
| 4:56 | Build | Palisade Wall |
| 5:06 | Build | Palisade Wall |
| 5:12 | Create | Villager (Male) |
| 5:12 | Create | Villager (Male) |
| 5:12 | Create | Villager (Male) |
| 5:43 | Create | Villager (Male) |
| 5:43 | Create | Villager (Male) |
| 6:06 | Create | Villager (Male) |
| 6:06 | Create | Villager (Male) |
| 7:12 | Build | Palisade Wall |
| 7:14 | Build | Palisade Gate |
| 7:32 | Create | Villager (Male) |
| 7:33 | Create | Villager (Male) |
| 7:33 | Create | Villager (Male) |
| 8:21 | Create | Villager (Male) |
| 8:27 | Create | Villager (Male) |
| 8:36 | Create | Villager (Male) |
| 8:37 | Create | Villager (Male) |
| 8:40 | Build | Mill |
| 9:22 | Create | Villager (Male) |
| 9:22 | Create | Villager (Male) |
| 9:22 | Create | Villager (Male) |
| 9:47 | Build | Lumber Camp |
| 9:47 | Create | Villager (Male) |
| 10:17 | Create | Villager (Male) |
| 10:46 | Create | Villager (Male) |
| 11:22 | Create | Villager (Male) |
| 11:37 | Build | Mill |
| 11:41 | Build | Mill |
| 11:58 | Research | Feudal Age |
| 11:58 | Research | Feudal Age |
| 12:43 | Build | Lumber Camp |
| 13:53 | Build | Barracks |
| 14:08 | Age | Feudal Age |
| 14:10 | Research | Town Watch |
| 14:11 | Research | Double-Bit Axe |
| 14:11 | Research | Double-Bit Axe |
| 14:31 | Create | Spearman |
| 14:31 | Create | Spearman |
| 14:44 | Create | Villager (Male) |
| 14:57 | Build | Watch Tower |
| 15:05 | Create | Spearman |
| 15:07 | Create | Villager (Male) |
| 15:31 | Build | Mining Camp |
| 15:43 | Build | Mining Camp |
| 16:31 | Create | Villager (Male) |
| 16:32 | Create | Villager (Male) |
| 16:33 | Create | Villager (Male) |
| 16:56 | Create | Villager (Male) |
| 17:00 | Build | Archery Range |
| 17:08 | Build | Archery Range |
| 17:13 | Build | Blacksmith |
| 17:17 | Build | Palisade Wall |
| 17:23 | Create | Skirmisher |
| 17:23 | Create | Skirmisher |
| 17:25 | Create | Skirmisher |
| 17:25 | Create | Villager (Male) |
| 17:48 | Create | Skirmisher |
| 17:49 | Create | Skirmisher |
| 17:50 | Create | Skirmisher |
| 17:51 | Create | Villager (Male) |
| 17:54 | Create | Villager (Male) |
| 18:33 | Research | Fletching |
| 18:33 | Research | Fletching |
| 18:42 | Create | Skirmisher |
| 19:06 | Create | Skirmisher |
| 19:06 | Create | Skirmisher |
| 19:11 | Create | Villager (Male) |
| 19:22 | Create | Skirmisher |
| 19:22 | Create | Skirmisher |
| 19:59 | Build | Mill |
| 20:29 | Create | Skirmisher |
| 20:52 | Create | Skirmisher |
| 21:20 | Create | Spearman |
| 21:44 | Create | Spearman |
| 22:11 | Create | Spearman |
| 22:44 | Research | Padded Archer Armor |
| 22:44 | Research | Padded Archer Armor |
| 22:45 | Create | Villager (Male) |
| 23:05 | Build | Watch Tower |
| 23:08 | Create | Skirmisher |
| 23:34 | Create | Villager (Male) |
| 24:08 | Build | Mill |
| 24:16 | Build | Watch Tower |
| 24:21 | Create | Villager (Male) |
| 24:45 | Build | Mill |
| 24:45 | Create | Villager (Male) |
| 25:09 | Create | Villager (Male) |
| 25:22 | Research | Wheelbarrow |
| 25:29 | Build | Mining Camp |
| 26:10 | Create | Spearman |
| 26:10 | Create | Spearman |
| 26:22 | Create | Spearman |
| 26:33 | Create | Villager (Male) |
| 26:51 | Create | Archer |
| 26:53 | Create | Skirmisher |
| 26:55 | Research | Gold Mining |
| 26:55 | Research | Gold Mining |
| 26:56 | Research | Gold Mining |
| 27:08 | Create | Archer |
| 27:11 | Create | Villager (Male) |
| 27:31 | Build | Watch Tower |
| 27:54 | Create | Archer |
| 27:55 | Create | Archer |
| 27:56 | Create | Villager (Male) |
| 28:12 | Build | Lumber Camp |
| 28:17 | Create | Archer |
| 28:48 | Create | Villager (Male) |
| 28:49 | Create | Archer |
| 28:49 | Create | Archer |
| 28:53 | Build | Watch Tower |
| 29:13 | Create | Villager (Male) |
| 29:58 | Create | Archer |
| 29:59 | Create | Archer |
| 30:07 | Build | Lumber Camp |
| 30:38 | Create | Archer |
| 30:38 | Create | Archer |
| 30:48 | Build | Mining Camp |
| 31:02 | Create | Archer |
| 31:03 | Create | Archer |
| 32:27 | Build | Watch Tower |
| 32:49 | Build | Stable |
| 33:06 | Build | Lumber Camp |
| 33:15 | Create | Scout Cavalry |
| 33:15 | Create | Scout Cavalry |
| 33:16 | Create | Villager (Male) |
| 33:34 | Create | Scout Cavalry |
| 34:09 | Build | Market |
| 34:31 | Build | Lumber Camp |
| 34:40 | Create | Scout Cavalry |
| 34:47 | Create | Scout Cavalry |
| 35:27 | Create | Scout Cavalry |
| 35:27 | Create | Scout Cavalry |
| 35:37 | Create | Archer |
| 35:37 | Create | Archer |
Build order — zFenix095z
First 150 of 462 actions detected
| 0:06 | Build | Town Center |
| 1:18 | Build | House |
| 2:35 | Create | Villager (Male) |
| 2:36 | Create | Villager (Male) |
| 3:09 | Create | Villager (Male) |
| 3:23 | Create | Villager (Male) |
| 4:09 | Create | Villager (Male) |
| 4:10 | Create | Villager (Male) |
| 4:10 | Create | Villager (Male) |
| 4:10 | Create | Villager (Male) |
| 4:22 | Build | Mill |
| 4:29 | Build | Mill |
| 5:02 | Create | Villager (Male) |
| 5:02 | Create | Villager (Male) |
| 5:03 | Create | Villager (Male) |
| 5:34 | Build | House |
| 5:35 | Research | Loom |
| 5:35 | Research | Loom |
| 5:36 | Research | Loom |
| 6:02 | Create | Villager (Male) |
| 6:07 | Build | House |
| 6:15 | Create | Villager (Male) |
| 6:32 | Create | Villager (Male) |
| 7:07 | Create | Villager (Male) |
| 7:15 | Build | Farm |
| 7:31 | Build | Farm |
| 7:34 | Create | Villager (Male) |
| 7:46 | Build | Farm |
| 7:48 | Create | Villager (Male) |
| 8:11 | Create | Villager (Male) |
| 8:24 | Build | Farm |
| 8:41 | Create | Villager (Male) |
| 8:45 | Build | Farm |
| 8:54 | Build | House |
| 9:05 | Create | Villager (Male) |
| 9:30 | Create | Villager (Male) |
| 9:31 | Build | Farm |
| 9:55 | Create | Villager (Male) |
| 9:57 | Build | Farm |
| 10:05 | Create | Villager (Male) |
| 10:19 | Build | Mining Camp |
| 10:44 | Create | Villager (Male) |
| 10:51 | Build | Lumber Camp |
| 11:18 | Research | Feudal Age |
| 11:18 | Research | Feudal Age |
| 11:31 | Build | House |
| 11:35 | Build | House |
| 11:41 | Build | Palisade Wall |
| 11:44 | Build | Palisade Wall |
| 12:16 | Create | Villager (Male) |
| 12:37 | Create | Villager (Male) |
| 13:28 | Age | Feudal Age |
| 13:29 | Build | Farm |
| 13:34 | Build | Market |
| 13:57 | Build | Blacksmith |
| 14:06 | Create | Villager (Male) |
| 14:31 | Build | Farm |
| 14:33 | Create | Villager (Male) |
| 14:39 | Build | Farm |
| 14:57 | Build | House |
| 15:02 | Build | Palisade Wall |
| 15:04 | Build | Palisade Wall |
| 15:10 | Build | Palisade Wall |
| 15:14 | Create | Villager (Male) |
| 16:07 | Build | Farm |
| 16:29 | Research | Castle Age |
| 16:30 | Research | Castle Age |
| 16:52 | Build | Town Center |
| 17:07 | Build | Town Center |
| 17:13 | Research | Double-Bit Axe |
| 17:31 | Build | Farm |
| 17:31 | Build | Farm |
| 18:18 | Research | Gold Mining |
| 18:32 | Create | Villager (Male) |
| 18:33 | Create | Villager (Male) |
| 18:33 | Create | Villager (Male) |
| 19:09 | Age | Castle Age |
| 19:11 | Create | Villager (Male) |
| 19:12 | Create | Villager (Male) |
| 19:27 | Create | Villager (Male) |
| 19:31 | Build | Barracks |
| 19:40 | Create | Villager (Male) |
| 20:02 | Create | Villager (Male) |
| 20:12 | Create | Villager (Male) |
| 20:24 | Build | Archery Range |
| 20:34 | Build | Farm |
| 20:39 | Build | Farm |
| 20:47 | Build | Farm |
| 20:49 | Research | Fletching |
| 20:49 | Research | Fletching |
| 20:55 | Create | Villager (Male) |
| 20:55 | Create | Villager (Male) |
| 21:04 | Build | Town Center |
| 21:11 | Create | Villager (Male) |
| 21:21 | Create | Cavalry Archer |
| 21:21 | Create | Cavalry Archer |
| 21:24 | Create | Villager (Male) |
| 21:42 | Create | Villager (Male) |
| 21:44 | Build | Farm |
| 21:47 | Create | Villager (Male) |
| 21:48 | Create | Villager (Male) |
| 21:58 | Build | Stable |
| 22:05 | Create | Villager (Male) |
| 22:06 | Create | Villager (Male) |
| 22:07 | Create | Cavalry Archer |
| 22:15 | Create | Villager (Male) |
| 22:18 | Build | Farm |
| 22:19 | Build | Farm |
| 22:24 | Create | Villager (Male) |
| 22:46 | Build | Lumber Camp |
| 22:56 | Build | House |
| 22:58 | Build | House |
| 23:16 | Create | Steppe Lancer |
| 23:17 | Create | Steppe Lancer |
| 23:19 | Create | Villager (Male) |
| 23:21 | Create | Villager (Male) |
| 23:24 | Build | Farm |
| 23:25 | Build | Farm |
| 23:25 | Build | Farm |
| 23:32 | Build | Farm |
| 23:34 | Create | Villager (Male) |
| 24:00 | Create | Villager (Male) |
| 24:00 | Create | Villager (Male) |
| 24:03 | Build | Farm |
| 24:04 | Create | Villager (Male) |
| 24:12 | Create | Villager (Male) |
| 24:33 | Create | Villager (Male) |
| 24:42 | Create | Steppe Lancer |
| 24:49 | Create | Villager (Male) |
| 24:50 | Create | Villager (Male) |
| 24:51 | Build | Farm |
| 24:57 | Create | Villager (Male) |
| 25:05 | Create | Steppe Lancer |
| 25:11 | Build | House |
| 25:19 | Build | Farm |
| 25:27 | Create | Steppe Lancer |
| 25:49 | Build | Siege Workshop |
| 26:02 | Create | Villager (Male) |
| 26:04 | Create | Villager (Male) |
| 26:17 | Create | Mangonel |
| 26:39 | Create | Villager (Male) |
| 26:40 | Research | Wheelbarrow |
| 26:42 | Build | Farm |
| 26:46 | Build | Farm |
| 26:47 | Build | Farm |
| 26:48 | Build | Farm |
| 26:51 | Create | Steppe Lancer |
| 26:51 | Create | Steppe Lancer |
| 26:55 | Create | Villager (Male) |
| 26:57 | Create | Villager (Male) |
Build order — __wArDadDy
First 150 of 325 actions detected
| 0:50 | Build | Town Center |
| 1:47 | Build | House |
| 3:09 | Build | House |
| 3:29 | Create | Villager (Male) |
| 3:30 | Create | Villager (Male) |
| 3:37 | Create | Villager (Male) |
| 4:28 | Create | Villager (Male) |
| 4:55 | Create | Villager (Male) |
| 5:16 | Build | Lumber Camp |
| 5:18 | Create | Villager (Male) |
| 5:19 | Create | Villager (Male) |
| 5:41 | Build | House |
| 5:59 | Create | Villager (Male) |
| 6:26 | Research | Loom |
| 6:30 | Create | Villager (Male) |
| 6:53 | Create | Villager (Male) |
| 7:29 | Build | House |
| 7:35 | Create | Villager (Male) |
| 8:02 | Create | Villager (Male) |
| 8:02 | Create | Villager (Male) |
| 8:22 | Create | Villager (Male) |
| 8:34 | Create | Villager (Male) |
| 8:39 | Build | Dock |
| 9:00 | Build | Mill |
| 9:26 | Create | Villager (Male) |
| 9:34 | Create | Fishing Ship |
| 9:57 | Create | Villager (Male) |
| 10:21 | Create | Villager (Male) |
| 10:40 | Create | Fishing Ship |
| 11:16 | Create | Villager (Male) |
| 11:17 | Create | Villager (Male) |
| 11:48 | Build | House |
| 11:52 | Create | Villager (Male) |
| 11:58 | Create | Fishing Ship |
| 12:19 | Build | House |
| 12:21 | Create | Villager (Male) |
| 12:38 | Create | Villager (Male) |
| 12:38 | Create | Villager (Male) |
| 13:00 | Build | House |
| 13:04 | Build | Palisade Wall |
| 13:11 | Build | Mining Camp |
| 13:11 | Create | Villager (Male) |
| 13:32 | Research | Feudal Age |
| 13:41 | Build | Palisade Wall |
| 14:19 | Build | Mining Camp |
| 15:28 | Build | Palisade Wall |
| 15:34 | Build | Palisade Wall |
| 15:53 | Create | Fishing Ship |
| 16:03 | Age | Feudal Age |
| 16:04 | Create | Fishing Ship |
| 16:04 | Create | Fishing Ship |
| 16:09 | Build | Market |
| 16:21 | Build | Blacksmith |
| 16:23 | Build | House |
| 16:29 | Build | Palisade Wall |
| 16:38 | Create | Villager (Male) |
| 16:49 | Research | Double-Bit Axe |
| 17:04 | Research | Castle Age |
| 17:44 | Build | House |
| 17:48 | Build | Palisade Wall |
| 17:56 | Research | Horse Collar |
| 18:57 | Research | Fletching |
| 19:39 | Build | Fish Trap |
| 19:44 | Age | Castle Age |
| 19:45 | Build | Fish Trap |
| 19:50 | Build | Castle |
| 19:53 | Research | Bow Saw |
| 19:55 | Create | Villager (Male) |
| 19:55 | Create | Villager (Male) |
| 20:32 | Create | Villager (Male) |
| 20:36 | Research | Bodkin Arrow |
| 20:43 | Build | Fish Trap |
| 20:46 | Create | Fishing Ship |
| 21:23 | Create | Fishing Ship |
| 21:33 | Create | War Wagon |
| 21:33 | Create | War Wagon |
| 21:34 | Create | War Wagon |
| 21:41 | Build | Fish Trap |
| 21:47 | Build | Palisade Wall |
| 21:53 | Create | Villager (Male) |
| 22:09 | Create | Villager (Male) |
| 22:19 | Build | Fish Trap |
| 22:22 | Create | Fishing Ship |
| 22:38 | Create | Villager (Male) |
| 22:39 | Create | War Wagon |
| 22:40 | Create | War Wagon |
| 23:04 | Create | War Wagon |
| 23:29 | Build | Fish Trap |
| 23:45 | Create | Villager (Male) |
| 23:46 | Create | Villager (Male) |
| 23:46 | Create | Villager (Male) |
| 24:19 | Build | Town Center |
| 25:15 | Create | War Wagon |
| 25:23 | Build | Monastery |
| 25:24 | Create | Villager (Male) |
| 25:35 | Create | Villager (Male) ×5 |
| 25:37 | Create | Villager (Male) ×5 |
| 25:57 | Build | Town Center |
| 26:02 | Create | War Wagon |
| 26:04 | Create | Villager (Male) |
| 26:06 | Create | Villager (Male) |
| 26:09 | Build | House |
| 26:11 | Build | House |
| 26:16 | Create | Monk |
| 26:18 | Research | Devotion |
| 26:22 | Create | Villager (Male) |
| 26:44 | Create | War Wagon |
| 27:14 | Create | Villager (Male) |
| 27:15 | Create | Villager (Male) |
| 27:22 | Build | Mining Camp |
| 27:23 | Create | War Wagon |
| 27:25 | Create | War Wagon |
| 27:33 | Create | Villager (Male) |
| 27:34 | Create | Villager (Male) |
| 28:04 | Create | War Wagon |
| 28:06 | Create | Villager (Male) |
| 28:07 | Create | Villager (Male) |
| 28:14 | Build | Mining Camp |
| 28:20 | Build | Fish Trap |
| 28:40 | Create | War Wagon |
| 28:41 | Create | Villager (Male) |
| 28:43 | Create | Villager (Male) |
| 29:52 | Create | War Wagon |
| 29:53 | Create | War Wagon |
| 29:53 | Create | War Wagon |
| 29:54 | Create | Villager (Male) |
| 29:54 | Create | Villager (Male) |
| 29:57 | Build | Barracks |
| 30:01 | Build | University |
| 30:02 | Create | Villager (Male) |
| 30:04 | Create | Villager (Male) |
| 30:09 | Build | Town Center |
| 30:15 | Build | Farm |
| 30:16 | Build | Farm |
| 30:16 | Build | Farm |
| 30:16 | Build | Farm |
| 30:17 | Build | Farm |
| 30:20 | Create | Villager (Male) |
| 30:24 | Build | Dock |
| 30:26 | Research | Tech 906 |
| 30:32 | Research | Ballistics |
| 30:37 | Build | House |
| 30:38 | Build | House |
| 30:42 | Build | House |
| 30:43 | Build | House |
| 30:47 | Build | House |
| 30:48 | Build | House |
| 30:49 | Create | Villager (Male) |
| 30:53 | Build | House |
| 30:58 | Create | Villager (Male) |
Build order — Baratinha
First 150 of 545 actions detected
| 1:34 | Build | Town Center |
| 1:46 | Build | House |
| 3:29 | Create | Villager (Male) |
| 3:29 | Create | Villager (Male) |
| 3:29 | Create | Villager (Male) |
| 3:29 | Create | Villager (Male) |
| 3:30 | Research | Loom |
| 4:29 | Create | Villager (Male) |
| 4:29 | Create | Villager (Male) |
| 4:33 | Create | Villager (Male) |
| 4:33 | Create | Villager (Male) |
| 4:33 | Create | Villager (Male) |
| 4:56 | Build | House |
| 5:13 | Create | Villager (Male) |
| 5:13 | Create | Villager (Male) |
| 5:43 | Create | Villager (Male) |
| 5:44 | Create | Villager (Male) |
| 6:47 | Create | Villager (Male) |
| 6:47 | Create | Villager (Male) |
| 6:47 | Create | Villager (Male) |
| 6:48 | Create | Villager (Male) |
| 6:53 | Build | Lumber Camp |
| 7:22 | Create | Villager (Male) |
| 7:22 | Create | Villager (Male) |
| 7:22 | Create | Villager (Male) |
| 7:23 | Create | Villager (Male) |
| 7:37 | Build | House |
| 7:39 | Build | House |
| 8:07 | Create | Villager (Male) |
| 8:07 | Create | Villager (Male) |
| 8:08 | Create | Villager (Male) |
| 8:08 | Create | Villager (Male) |
| 8:42 | Build | Palisade Wall |
| 9:03 | Create | Villager (Male) |
| 9:03 | Create | Villager (Male) |
| 9:03 | Create | Villager (Male) |
| 9:04 | Create | Villager (Male) |
| 9:43 | Create | Villager (Male) |
| 10:06 | Build | House |
| 10:10 | Build | Palisade Wall |
| 10:40 | Create | Villager (Male) |
| 11:05 | Build | Palisade Wall |
| 11:07 | Build | Palisade Wall |
| 11:14 | Create | Villager (Male) |
| 11:41 | Create | Villager (Male) |
| 11:52 | Build | Mining Camp |
| 12:11 | Build | House |
| 12:15 | Create | Villager (Male) |
| 12:29 | Build | Mill |
| 12:42 | Research | Feudal Age |
| 12:42 | Research | Feudal Age |
| 12:42 | Research | Feudal Age |
| 12:46 | Build | House |
| 13:21 | Build | Palisade Wall |
| 13:27 | Build | Palisade Wall |
| 13:53 | Build | Palisade Wall |
| 13:56 | Build | Palisade Wall |
| 13:58 | Build | Palisade Wall |
| 14:19 | Build | Palisade Gate |
| 14:52 | Age | Feudal Age |
| 14:53 | Create | Villager (Male) |
| 15:03 | Build | Market |
| 15:22 | Build | Blacksmith |
| 15:25 | Create | Villager (Male) |
| 15:26 | Create | Villager (Male) |
| 15:44 | Build | Palisade Wall |
| 16:23 | Research | Castle Age |
| 16:38 | Research | Double-Bit Axe |
| 17:17 | Research | Gold Mining |
| 18:56 | Create | Villager (Male) |
| 19:03 | Age | Castle Age |
| 19:05 | Research | Bow Saw |
| 19:05 | Research | Bow Saw |
| 19:12 | Build | Castle |
| 19:31 | Create | Villager (Male) |
| 19:31 | Create | Villager (Male) |
| 19:32 | Create | Villager (Male) |
| 19:41 | Create | Villager (Male) |
| 20:06 | Create | Villager (Male) |
| 20:06 | Create | Villager (Male) |
| 20:14 | Build | Town Center |
| 20:30 | Build | Town Center |
| 20:35 | Create | Villager (Male) |
| 20:48 | Build | Farm |
| 20:50 | Build | Farm |
| 20:51 | Build | Farm |
| 20:54 | Build | Farm |
| 20:55 | Build | Farm |
| 21:00 | Build | Farm |
| 21:01 | Build | Farm |
| 21:24 | Create | War Wagon |
| 21:24 | Create | War Wagon |
| 21:27 | Create | Villager (Male) |
| 21:27 | Create | Villager (Male) |
| 21:27 | Create | Villager (Male) |
| 21:55 | Create | War Wagon |
| 21:56 | Create | War Wagon |
| 21:58 | Create | Villager (Male) |
| 21:58 | Create | Villager (Male) |
| 21:58 | Create | Villager (Male) |
| 22:20 | Create | War Wagon |
| 22:21 | Create | War Wagon |
| 22:33 | Create | Villager (Male) ×2 |
| 22:33 | Create | Villager (Male) ×2 |
| 22:34 | Create | Villager (Male) ×2 |
| 22:40 | Create | Villager (Male) |
| 22:41 | Create | Villager (Male) |
| 22:41 | Create | Villager (Male) |
| 22:57 | Research | Fletching |
| 23:18 | Create | Villager (Male) ×2 |
| 23:18 | Create | Villager (Male) ×2 |
| 23:19 | Create | Villager (Male) ×2 |
| 23:19 | Create | Villager (Male) ×2 |
| 23:20 | Create | War Wagon |
| 23:21 | Create | War Wagon |
| 23:21 | Create | War Wagon |
| 23:21 | Create | War Wagon |
| 23:25 | Build | Farm |
| 23:31 | Build | Lumber Camp |
| 23:43 | Create | Villager (Male) ×2 |
| 23:43 | Create | Villager (Male) ×2 |
| 23:43 | Create | Villager (Male) ×2 |
| 24:10 | Build | Monastery |
| 24:12 | Create | Villager (Male) |
| 24:25 | Create | Villager (Male) |
| 24:25 | Create | Villager (Male) |
| 24:27 | Create | War Wagon |
| 24:27 | Create | War Wagon |
| 25:07 | Research | Bodkin Arrow |
| 25:07 | Research | Bodkin Arrow |
| 25:07 | Research | Bodkin Arrow |
| 25:10 | Create | War Wagon |
| 25:11 | Create | War Wagon |
| 25:11 | Create | War Wagon |
| 25:11 | Create | War Wagon |
| 25:23 | Create | Villager (Male) ×2 |
| 25:24 | Create | Villager (Male) ×2 |
| 25:24 | Create | Villager (Male) ×2 |
| 25:34 | Build | University |
| 25:41 | Create | Villager (Male) |
| 25:41 | Create | Villager (Male) |
| 25:41 | Create | Villager (Male) |
| 25:44 | Create | War Wagon |
| 25:44 | Create | War Wagon |
| 25:53 | Create | Villager (Male) |
| 25:53 | Create | Villager (Male) |
| 26:05 | Build | Farm |
| 26:08 | Build | Farm |
| 26:10 | Create | Monk |
| 26:10 | Create | Monk |
Build order — FutureEwe5582
First 150 of 384 actions detected
| 0:10 | Build | Town Center |
| 1:59 | Build | House |
| 2:25 | Create | Villager (Male) ×4 |
| 2:43 | Build | Palisade Wall |
| 2:50 | Build | Palisade Wall |
| 2:57 | Build | Palisade Wall |
| 3:03 | Build | Palisade Wall |
| 3:26 | Create | Villager (Male) |
| 3:46 | Create | Villager (Male) |
| 4:13 | Build | House |
| 4:16 | Create | Villager (Male) |
| 4:56 | Build | Lumber Camp |
| 5:08 | Create | Villager (Male) |
| 5:25 | Create | Villager (Male) |
| 5:52 | Create | Villager (Male) |
| 6:05 | Create | Villager (Male) |
| 6:18 | Build | House |
| 6:23 | Create | Villager (Male) |
| 6:47 | Build | Palisade Wall |
| 6:56 | Create | Villager (Male) |
| 7:11 | Create | Villager (Male) |
| 7:33 | Build | House |
| 7:47 | Build | Palisade Wall |
| 7:52 | Create | Villager (Male) |
| 7:59 | Build | Palisade Wall |
| 8:06 | Create | Villager (Male) |
| 8:21 | Create | Villager (Male) |
| 8:30 | Create | Villager (Male) |
| 9:02 | Create | Villager (Male) |
| 9:06 | Build | Mill |
| 10:11 | Create | Villager (Male) |
| 10:14 | Build | Mining Camp |
| 10:31 | Research | Loom |
| 10:31 | Research | Feudal Age |
| 13:16 | Create | Villager (Male) |
| 13:24 | Build | Market |
| 13:26 | Build | Blacksmith |
| 13:34 | Create | Villager (Male) |
| 13:49 | Build | Mining Camp |
| 14:14 | Research | Castle Age |
| 14:27 | Research | Double-Bit Axe |
| 14:30 | Research | Horse Collar |
| 14:35 | Research | Stone Mining |
| 16:34 | Build | House |
| 16:39 | Create | Villager (Male) |
| 17:00 | Build | Town Center |
| 17:02 | Research | Wheelbarrow |
| 17:06 | Research | Bow Saw |
| 17:41 | Create | Villager (Male) |
| 17:56 | Build | Castle |
| 18:13 | Build | House |
| 18:35 | Create | Villager (Male) |
| 18:39 | Create | Villager (Male) |
| 18:41 | Create | Villager (Male) |
| 19:02 | Create | Villager (Male) |
| 19:20 | Create | Ghulam |
| 19:33 | Create | Ghulam |
| 19:34 | Create | Villager (Male) |
| 19:41 | Create | Ghulam |
| 19:54 | Create | Ghulam |
| 19:55 | Create | Villager (Male) |
| 20:13 | Build | Farm |
| 20:14 | Create | Ghulam |
| 20:15 | Create | Villager (Male) |
| 20:24 | Build | Farm |
| 20:28 | Create | Ghulam |
| 20:29 | Create | Villager (Male) |
| 20:38 | Create | Ghulam |
| 20:47 | Create | Villager (Male) |
| 20:47 | Create | Ghulam |
| 21:03 | Create | Ghulam |
| 21:03 | Create | Villager (Male) |
| 21:10 | Build | Barracks |
| 21:28 | Build | House |
| 21:34 | Build | Farm |
| 21:45 | Build | Farm |
| 21:49 | Build | Farm |
| 21:50 | Build | Farm |
| 21:56 | Create | Ghulam |
| 21:57 | Create | Villager (Male) |
| 22:06 | Research | Arson |
| 22:07 | Create | Ghulam |
| 22:07 | Create | Villager (Male) |
| 22:10 | Build | Farm |
| 22:12 | Build | Farm |
| 22:13 | Build | Farm |
| 22:22 | Create | Ghulam |
| 22:37 | Research | Scale Mail Armor |
| 22:38 | Create | Ghulam |
| 22:42 | Build | Farm |
| 22:44 | Create | Ghulam |
| 22:57 | Build | Farm |
| 22:59 | Build | Farm |
| 23:00 | Build | Farm |
| 23:11 | Build | Mining Camp |
| 23:15 | Create | Ghulam |
| 23:16 | Create | Villager (Male) |
| 23:26 | Create | Ghulam |
| 23:26 | Create | Villager (Male) |
| 23:34 | Build | House |
| 23:35 | Build | House |
| 23:49 | Create | Ghulam |
| 23:49 | Create | Villager (Male) |
| 23:51 | Build | Farm |
| 23:52 | Create | Villager (Male) |
| 23:53 | Create | Ghulam |
| 24:04 | Create | Ghulam |
| 24:04 | Create | Villager (Male) |
| 24:06 | Build | Farm |
| 24:07 | Create | Ghulam |
| 24:13 | Create | Ghulam |
| 24:29 | Create | Ghulam |
| 24:30 | Create | Villager (Male) |
| 24:38 | Build | Farm |
| 24:41 | Build | House |
| 24:41 | Build | House |
| 24:44 | Build | Farm |
| 24:45 | Build | Farm |
| 24:55 | Create | Ghulam |
| 24:55 | Create | Villager (Male) |
| 25:00 | Build | Farm |
| 25:01 | Create | Villager (Male) |
| 25:01 | Create | Villager (Male) |
| 25:03 | Create | Ghulam |
| 25:19 | Create | Ghulam |
| 25:20 | Create | Villager (Male) |
| 25:23 | Create | Ghulam |
| 25:24 | Create | Villager (Male) |
| 25:29 | Create | Ghulam |
| 25:30 | Create | Villager (Male) |
| 25:51 | Create | Ghulam |
| 25:51 | Create | Villager (Male) |
| 25:54 | Create | Villager (Male) |
| 26:03 | Create | Villager (Male) |
| 26:13 | Create | Ghulam |
| 26:14 | Create | Villager (Male) |
| 26:21 | Build | Mining Camp |
| 26:25 | Create | Ghulam |
| 26:26 | Create | Villager (Male) |
| 26:38 | Build | Castle |
| 26:55 | Create | Ghulam |
| 26:55 | Create | Villager (Male) |
| 26:56 | Create | Ghulam |
| 27:04 | Create | Villager (Male) |
| 27:11 | Create | Villager (Male) |
| 27:12 | Create | Villager (Male) |
| 27:14 | Research | Gold Mining |
| 27:24 | Create | Ghulam |
| 27:24 | Create | Villager (Male) |
| 27:41 | Create | Ghulam |
Match timeline
| 1:53 | BigBanana · wall_segment Palisade Wall x1 |
| 2:43 | FutureEwe5582 · wall_segment Palisade Wall x1 |
| 2:50 | FutureEwe5582 · wall_segment Palisade Wall x1 |
| 2:57 | FutureEwe5582 · wall_segment Palisade Wall x1 |
| 3:03 | FutureEwe5582 · wall_segment Palisade Wall x1 |
| 4:50 | BigBanana · wall_segment Palisade Wall x1 |
| 4:56 | BigBanana · wall_segment Palisade Wall x1 |
| 5:06 | BigBanana · wall_segment Palisade Wall x1 |
| 6:34 | twitch.tv/s0laf1d3 · wall_segment Palisade Wall x1 |
| 6:47 | FutureEwe5582 · wall_segment Palisade Wall x1 |
| 7:12 | BigBanana · wall_segment Palisade Wall x4 |
| 7:47 | FutureEwe5582 · wall_segment Palisade Wall x1 |
| 7:59 | FutureEwe5582 · wall_segment Palisade Wall x1 |
| 8:39 | __wArDadDy · first_building Dock |
| 8:42 | Baratinha · wall_segment Palisade Wall x7 |
| 10:10 | Baratinha · wall_segment Palisade Wall x5 |
| 11:05 | Baratinha · wall_segment Palisade Wall x6 |
| 11:07 | Baratinha · wall_segment Palisade Wall x3 |
| 11:41 | zFenix095z · wall_segment Palisade Wall x1 |
| 11:44 | zFenix095z · wall_segment Palisade Wall x1 |
| 11:53 | twitch.tv/s0laf1d3 · first_building Barracks |
| 12:44 | twitch.tv/s0laf1d3 · age_up feudal |
| 12:48 | twitch.tv/s0laf1d3 · first_building Archery Range |
| 13:04 | __wArDadDy · wall_segment Palisade Wall x1 |
| 13:21 | Baratinha · wall_segment Palisade Wall x9 |
| 13:27 | Baratinha · wall_segment Palisade Wall x9 |
| 13:28 | zFenix095z · age_up feudal |
| 13:41 | __wArDadDy · wall_segment Palisade Wall x4 |
| 13:52 | Dragonair Shiny · age_up feudal |
| 13:53 | Baratinha · wall_segment Palisade Wall x9 |
| 13:53 | BigBanana · first_building Barracks |
| 13:56 | Baratinha · wall_segment Palisade Wall x1 |
| 13:58 | Baratinha · wall_segment Palisade Wall x7 |
| 14:08 | DaKrankVieh · age_up feudal |
| 14:08 | BigBanana · age_up feudal |
| 14:52 | Baratinha · age_up feudal |
| 14:59 | Dragonair Shiny · wall_segment Palisade Wall x1 |
| 15:01 | Dragonair Shiny · wall_segment Palisade Wall x1 |
| 15:02 | zFenix095z · wall_segment Palisade Wall x1 |
| 15:04 | zFenix095z · wall_segment Palisade Wall x1 |
| 15:05 | Dragonair Shiny · wall_segment Palisade Wall x1 |
| 15:10 | zFenix095z · wall_segment Palisade Wall x1 |
| 15:18 | Dragonair Shiny · wall_segment Palisade Wall x1 |
| 15:20 | Dragonair Shiny · wall_segment Palisade Wall x1 |
| 15:28 | __wArDadDy · wall_segment Palisade Wall x1 |
| 15:34 | __wArDadDy · wall_segment Palisade Wall x1 |
| 15:37 | DaKrankVieh · first_building Barracks |
| 15:44 | Baratinha · wall_segment Palisade Wall x3 |
| 15:45 | DaKrankVieh · wall_segment Palisade Wall x3 |
| 15:46 | DaKrankVieh · wall_segment Palisade Wall x7 |
| 16:03 | __wArDadDy · age_up feudal |
| 16:29 | __wArDadDy · wall_segment Palisade Wall x5 |
| 16:45 | Dragonair Shiny · first_building Barracks |
| 17:00 | BigBanana · first_building Archery Range |
| 17:14 | Baratinha · first_market_buy 100 food |
| 17:17 | BigBanana · wall_segment Palisade Wall x1 |
| 17:29 | Dragonair Shiny · age_up castle |
| 17:48 | __wArDadDy · wall_segment Palisade Wall x7 |
| 17:56 | FutureEwe5582 · first_building Castle |
| 18:03 | DaKrankVieh · age_up castle |
| 18:14 | DaKrankVieh · first_building Siege Workshop |
| 18:35 | Dragonair Shiny · first_building Archery Range |
| 18:44 | Dragonair Shiny · first_market_buy 100 food |
| 19:03 | Baratinha · age_up castle |
| 19:09 | zFenix095z · age_up castle |
| 19:12 | Baratinha · first_building Castle |
| 19:22 | twitch.tv/s0laf1d3 · first_building Stable |
| 19:31 | zFenix095z · first_building Barracks |
| 19:44 | __wArDadDy · age_up castle |
| 19:50 | __wArDadDy · first_building Castle |
| 20:24 | zFenix095z · first_building Archery Range |
| 21:08 | Dragonair Shiny · wall_segment Palisade Wall x5 |
| 21:10 | FutureEwe5582 · first_building Barracks |
| 21:42 | Dragonair Shiny · first_building Castle |
| 21:47 | __wArDadDy · wall_segment Palisade Wall x1 |
| 21:58 | zFenix095z · first_building Stable |
| 22:05 | FutureEwe5582 · first_market_buy 100 food |
| 22:48 | Dragonair Shiny · first_building Stable |
| 23:06 | Dragonair Shiny · wall_segment Palisade Wall x1 |
| 23:50 | Dragonair Shiny · wall_segment Palisade Wall x1 |
| 23:54 | Dragonair Shiny · wall_segment Palisade Wall x1 |
| 23:55 | Dragonair Shiny · wall_segment Palisade Wall x1 |
| 23:57 | zFenix095z · first_market_sell 100 wood |
| 24:06 | __wArDadDy · first_market_buy 100 wood |
| 24:10 | Baratinha · first_building Monastery |
| 24:58 | twitch.tv/s0laf1d3 · first_market_sell 500 wood |
| 24:59 | Dragonair Shiny · wall_segment Palisade Wall x1 |
| 24:59 | twitch.tv/s0laf1d3 · first_market_buy 100 food |
| 25:23 | __wArDadDy · first_building Monastery |
| 25:49 | zFenix095z · first_building Siege Workshop |
| 27:40 | twitch.tv/s0laf1d3 · age_up castle |
| 28:12 | twitch.tv/s0laf1d3 · first_building Monastery |
| 28:54 | FutureEwe5582 · first_market_sell 500 wood |
| 29:57 | __wArDadDy · first_building Barracks |
| 29:57 | twitch.tv/s0laf1d3 · first_building Siege Workshop |
| 31:22 | __wArDadDy · first_building Stable |
| 31:37 | Baratinha · first_building Siege Workshop |
| 31:52 | FutureEwe5582 · first_building Siege Workshop |
| 32:32 | Dragonair Shiny · first_building Siege Workshop |
| 32:49 | BigBanana · first_building Stable |
| 34:14 | zFenix095z · first_building Castle |
| 34:20 | Dragonair Shiny · first_market_sell 100 stone |
| 34:36 | Baratinha · wall_segment Palisade Wall x1 |
| 38:02 | DaKrankVieh · first_building Castle |
| 40:15 | DaKrankVieh · first_market_sell 100 food |
| 41:54 | Baratinha · first_building Barracks |
| 42:05 | Baratinha · age_up imperial |
| 42:10 | __wArDadDy · age_up imperial |
| 42:33 | __wArDadDy · first_market_sell 100 food |
| 44:00 | zFenix095z · age_up imperial |
| 44:46 | DaKrankVieh · wall_segment Stone Wall x20 |
| 45:20 | __wArDadDy · first_building Siege Workshop |
| 45:22 | BigBanana · age_up castle |
| 45:46 | DaKrankVieh · wall_segment Stone Wall x12 |
| 46:29 | Dragonair Shiny · resign |
| 46:30 | DaKrankVieh · first_market_buy 100 food |
| 49:24 | Baratinha · first_market_sell 500 food |
| 50:08 | Baratinha · first_building Stable |
| 52:53 | DaKrankVieh · age_up imperial |
[ AI ANALYSIS · 1 CREDIT ]
What really happened in this match?
Wolo.gg analyzes every decision: build order, eco, micro, common mistakes by bracket. Personalized analysis on WhatsApp or Discord in 30 seconds.
Civ guide
Teutons
Perfil
Jugador #287832